 Dungeon Crawl Stone Soup version 0.19.4-25-g1b72edd (webtiles) character file.

10866 sankara the Cruncher (level 11, 0/102 HPs)
             Began as a Minotaur Gladiator on Feb 28, 2017.
             Was a Follower of Ashenzari.
             Slain by a minotaur
             ... wielding a +4 lightning rod (0/14)
              (19 damage)
             ... in a labyrinth.
             The game lasted 00:27:13 (8626 turns).

sankara the Cruncher (Minotaur Gladiator)           Turns: 8626, Time: 00:27:15

Health: 0/102      AC: 19    Str: 32    XL:     11   Next: 41%
Magic:  10/10      EV: 17    Int: 10    God:    Ashenzari [*.....]
Gold:   323        SH: 12    Dex: 13    Spells: 0 memorised, 10 levels left

rFire  . . .     SeeInvis +     v - +1 lajatang (curse)
rCold  . . .     Gourm    .     J - +7 scale mail of Dim Light {Str+4 Int+3} (curse)
rNeg   + + .     Faith    .     (shield currently unavailable)
rPois  .         Spirit   .     c - +1 hat
rElec  .         Reflect  +     (no cloak)
rCorr  .         Harm     .     F - +0 pair of gloves
MR     .....                    K - +0 pair of boots of Lethargy {rN++ Regen+ Str+2} (curse)
Stlth  ..........               k - +6 amulet of reflection
                                P - ring of wizardry
                                m - ring of see invisible

@: mighty
A: retaliatory headbutt, horns 2, large bone plates 2, clever 1
a: Curse Item, Scrying, Renounce Religion


You were in a labyrinth.
You worshipped Ashenzari.
Ashenzari was aware of your devotion.
You were hungry.

You visited 3 branches of the dungeon, and saw 12 of its levels.
You also visited: Labyrinth.

You collected 599 gold pieces.
You spent 276 gold pieces at shops.

Inventory:

Hand Weapons
 v - a cursed +1 lajatang (weapon)
Missiles
 d - 3 throwing nets (quivered)
Armour
 c - a +1 hat (worn)
 F - a +0 pair of gloves (worn)
 J - the cursed +7 scale mail of Dim Light (worn) {Str+4 Int+3}
   (You found it on level 5 of the Dungeon)

   It affects your strength (+4).
   It affects your intelligence (+3).
   It has a curse placed upon it.
 K - the cursed +0 pair of boots of Lethargy (worn) {rN++ Regen+ Str+2}
   (You found it on level 5 of the Dungeon)

   It affects your strength (+2).
   It greatly protects you from negative energy.
   It increases your rate of regeneration.
   It has a curse placed upon it.
Jewellery
 h - an uncursed amulet of the gourmand
 k - a +6 amulet of reflection (around neck)
 m - a ring of see invisible (left hand)
 t - an uncursed ring of ice
 C - an uncursed amulet of rage
 P - a ring of wizardry (right hand)
Wands
 n - a wand of random effects (24/48)
 u - a wand of acid (8/15)
 B - a wand of polymorph (14/24)
 O - a wand of flame (19/48)
Scrolls
 l - a scroll of fog
 r - 2 scrolls of fear
 s - 6 scrolls of identify
 y - 4 scrolls of teleportation
 D - a scroll of enchant armour
 G - a scroll of amnesia
 L - a scroll of blinking
Potions
 e - 2 potions of agility
 g - 3 potions of haste
 i - a potion of lignification
 j - 2 potions of mutation
 p - 2 potions of might
 q - 3 potions of curing {unknown}
 w - a potion of berserk rage {unknown}
 x - a potion of beneficial mutation {unknown}
 E - 2 potions of brilliance {unknown}
 I - 2 potions of magic {unknown}
 M - a potion of resistance {unknown}
Books
 a - a book of Maledictions

   Spells                             Type                      Level
   a - Corona                         Hexes                        1
   b - Ensorcelled Hibernation        Hexes/Ice                    2
   c - Confuse                        Hexes                        3
   d - Tukima's Dance                 Hexes                        3
   e - Dazzling Spray                 Conjuration/Hexes            3
 N - a book of Debilitation

   Spells                             Type                      Level
   a - Corona                         Hexes                        1
   b - Slow                           Hexes                        2
   c - Gell's Gravitas                Hexes/Translocation          3
   d - Inner Flame                    Hexes/Fire                   3
   e - Cause Fear                     Hexes                        4
   f - Leda's Liquefaction            Hexes/Earth                  4
 R - a book of Beasts

   Spells                             Type                      Level
   a - Summon Butterflies             Summoning                    1
   b - Call Canine Familiar           Summoning                    3
   c - Summon Ice Beast               Ice/Summoning                4
   d - Summon Mana Viper              Hexes/Summoning              5
   e - Summon Hydra                   Summoning                    7
Comestibles
 f - 3 bread rations
 o - 10 meat rations
 A - 4 beef jerkies
 H - 20 fruits
 Q - 7 slices of pizza


   Skills:
 + Level 11.1 Fighting
 - Level 11.1 Staves
 - Level 2.0 Throwing
 + Level 10.6 Armour
 + Level 10.6 Dodging


You had 10 spell levels left.
You didn't know any spells.

Dungeon Overview and Level Annotations

Branches:
Dungeon (10/15)            Temple (1/1) D:7            Lair (1/6) D:10
    Orc: D:9-12

Altars:
Ashenzari
Cheibriados
Dithmenos
Elyvilon
Fedhas
Gozag
Hepliaklqana
Makhleb
Nemelex Xobeh
Okawaru
Qazlal
Sif Muna
Trog
Vehumet
Xom
Yredelemnul
Zin

Shops:
D:5 !**


Innate Abilities, Weirdness & Mutations

You reflexively headbutt those who attack you in melee.
You have a pair of horns on your head.
You are mostly covered in large bone plates. (SH +6)
Your mind is acute. (Int +2)


Message History

Okay, then.
It was a potion of might.
You feel very mighty all of a sudden.
Okay, then.
A minotaur comes into view.
Ashenzari warns you: It is wielding a lightning rod.
The minotaur bellows!
The minotaur zaps a rod.
The lightning hits you!
The minotaur zaps a rod.
The lightning misses you.
You hit the minotaur. Your headbutt misses the minotaur.
The minotaur is lightly wounded.
The minotaur zaps a rod.
The lightning hits you!
You slice the minotaur!! You headbutt the minotaur!
The minotaur is severely wounded.
The minotaur zaps a rod.
The lightning hits you!
* * * LOW HITPOINT WARNING * * *
You slice the minotaur!!
The minotaur is almost dead.
The minotaur hits you with a lightning rod!!
You die...

#########
#. . . .#
#.#####.#
#.#.#
..#. #.#
#H# #
.#.#
#@#.# #.#
#.#
.#.###.#.
.
..#.....#
.#######
.# ## .
.. . . .
.. # # #
# #. # .
.# . .# .
. . ## .
#


You could see a minotaur.

Vanquished Creatures
  A hydra (D:8)
  3 hill giants
  An elephant (D:10)
  A spiny frog (Lair:1)
  A komodo dragon (Lair:1)
  2 trolls
  A hornet (D:7)
  A two-headed ogre (D:10)
  2 hippogriffs (D:7)
  Grinder (D:4)
  2 dream sheep (D:8)
  11 yaks
  A hungry ghost (D:9)
  Menkaure (D:7)
  2 orc warriors (D:8)
  A black bear (D:9)
  A sky beast (D:8)
  A necrophage (D:10)
  A phantom (D:7)
  An ice beast (D:9)
  5 centaurs
  7 big kobolds
  3 crocodiles
  5 bullfrogs
  3 scorpions
  9 killer bees
  4 wights (D:7)
  3 crimson imps
  3 hounds
  7 jellies
  5 orc priests
  2 gnoll shamans
  7 orc wizards
  A bullfrog skeleton (D:4)
  2 centaur skeletons
  2 iguanas
  6 worker ants
  9 gnolls
  10 adders
  3 shadow imps
  An ooze (D:1)
  2 adder skeletons
  4 worms
  3 dart slugs
  5 leopard geckos
  18 orcs
  13 bats
  6 giant cockroaches
  9 goblins
  8 hobgoblins
  2 jackals (D:8)
  8 quokkas
  A ball python (D:2)
  6 frilled lizards
  A jackal skeleton (D:7)
  29 kobolds
  A quokka skeleton (D:4)
  11 rats
260 creatures vanquished.

Vanquished Creatures (others)
  5 dream sheep (D:7)
  A kobold (D:7)
6 creatures vanquished.

Grand Total: 266 creatures vanquished

Notes
Turn   | Place    | Note
-------+----------+-------------------------------------------
     0 | D:1      | sankara the Minotaur Gladiator began the quest for the Orb.
     0 | D:1      | Reached XP level 1. HP: 18/18 MP: 0/0
   209 | D:1      | Reached XP level 2. HP: 25/25 MP: 1/1
   307 | D:1      | Reached XP level 3. HP: 21/30 MP: 2/2
   850 | D:2      | Reached skill level 5 in Staves
   963 | D:2      | Reached XP level 4. HP: 31/38 MP: 3/3
  1498 | D:3      | Noticed a bullfrog
  1506 | D:3      | Killed a bullfrog
  1506 | D:3      | Reached skill level 1 in Armour
  1506 | D:3      | Reached XP level 5. HP: 41/45 MP: 4/4
  1977 | D:3      | Reached XP level 6. HP: 52/52 MP: 5/5
  2138 | D:3      | Found a faded altar of an unknown god.
  2285 | D:3      | Found a hazy altar of Hepliaklqana.
  2999 | D:4      | Noticed Grinder
  3005 | D:4      | Paralysed by Grinder for 3 turns
  3012 | D:4      | Killed Grinder
  3012 | D:4      | Reached skill level 5 in Dodging
  3012 | D:4      | Reached XP level 7. HP: 50/60 MP: 6/6
  3266 | D:5      | Entered Level 5 of the Dungeon
  3270 | D:5      | Found Pecoshuna's General Store.
  3284 | D:5      | Found Laemophy's Distillery.
  3315 | D:5      | Bought a potion of haste for 120 gold pieces
  3315 | D:5      | Bought a potion of agility for 48 gold pieces
  3315 | D:5      | Bought a potion of degeneration for 12 gold pieces
  3437 | D:5      | Got a transparent scale mail
  3438 | D:5      | Identified the +7 scale mail of Dim Light {Str+4 Int+3} (You found it on level 5 of the Dungeon)
  3480 | D:5      | Reached skill level 5 in Fighting
  3632 | D:5      | Found Noubaeg's Assorted Antiques.
  3745 | D:5      | Got a pair of twisted boots
  3746 | D:5      | Identified the cursed +0 pair of boots of Lethargy {rN++ Regen+ Str+2} (You found it on level 5 of the Dungeon)
  4068 | D:6      | Noticed a hungry ghost
  4171 | D:6      | Reached XP level 8. HP: 62/69 MP: 7/7
  4489 | D:7      | Found a staircase to the Ecumenical Temple.
  4507 | D:7      | Reached skill level 5 in Armour
  4549 | Temple   | Entered the Ecumenical Temple
  4707 | Temple   | Became a worshipper of Ashenzari the Shackled
  4819 | D:7      | Noticed a hippogriff
  4831 | D:7      | Killed a hippogriff
  4872 | D:7      | Noticed Menkaure
  4890 | D:7      | Killed Menkaure
  5010 | D:7      | Noticed a hippogriff
  5014 | D:7      | Killed a hippogriff
  5014 | D:7      | Reached XP level 9. HP: 78/78 MP: 8/8
  5038 | D:7      | Found a shimmering altar of Xom.
  5337 | D:7      | Reached skill level 10 in Staves
  5446 | D:8      | Found a shattered altar of Ashenzari.
  5620 | D:5      | Bought a scroll of remove curse for 96 gold pieces
  5800 | D:8      | Noticed a troll
  5808 | D:8      | Killed a troll
  5820 | D:8      | Noticed a hill giant
  5842 | D:8      | Killed a hill giant
  6325 | D:8      | Reached XP level 10. HP: 77/90 MP: 9/9
  6418 | D:8      | Noticed a three-headed hydra
  6424 | D:8      | Killed a six-headed hydra
  7355 | D:9      | Reached skill level 10 in Fighting
  7363 | D:9      | Found a glowing silver altar of Zin.
  7549 | D:10     | Entered Level 10 of the Dungeon
  7595 | D:10     | Reached * piety under Ashenzari
  7732 | D:10     | Found a staircase to the Lair.
  7733 | D:10     | Noticed an elephant
  7740 | D:10     | Killed an elephant
  7804 | D:10     | Reached XP level 11. HP: 101/101 MP: 10/10
  7825 | D:10     | Reached skill level 10 in Dodging
  7942 | D:10     | Noticed a hill giant
  7949 | D:10     | Killed a hill giant
  7949 | D:10     | Reached skill level 10 in Armour
  7993 | D:10     | Noticed a hill giant
  8000 | D:10     | Killed a hill giant
  8264 | Lair:1   | Entered Level 1 of the Lair of Beasts
  8329 | Lair:1   | Found a labyrinth entrance.
  8343 | Lab      | Entered a labyrinth
  8610 | Lab      | Gained mutation: You are partially covered in large bone plates. (SH +4) [potion of mutation]
  8610 | Lab      | Gained mutation: Your mind is acute. (Int +2) [potion of mutation]
  8610 | Lab      | Gained mutation: You are mostly covered in large bone plates. (SH +6) [potion of mutation]
  8621 | Lab      | Noticed a minotaur
  8626 | Lab      | Slain by a minotaur

Skill      XL: |  1  2  3  4  5  6  7  8  9 10 11 |
---------------+----------------------------------+-----
Staves         | 4 5 6 7 8 9 10 11 | 11.1
Dodging        | 4 5 6 8 9 10 | 10.6
Fighting       | 3 4 5 6 8 10 11 | 11.1
Armour         | 1 2 3 4 6 8 9 10 | 10.6
Throwing       | |  2.0

Action                   |  1- 3 |  4- 6 |  7- 9 | 10-12 || total
-------------------------+-------+-------+-------+-------++-------
Melee: Quarterstaff      |    61 |   181 |   184 |       ||   426
       Headbutt          |    12 |    26 |    44 |    53 ||   135
       Lajatang          |       |       |    56 |   231 ||   287
Invok: Curse Item        |       |       |     2 |     1 ||     3
  Use: Scroll            |     2 |     3 |     4 |    10 ||    19
       Potion            |       |       |       |     4 ||     4
  Eat: Chunk             |       |     6 |    11 |     8 ||    25
Armor: Leather armour    |    13 |       |       |       ||    13
       Plate armour      |     2 |    91 |     6 |       ||    99
       Scale mail        |       |       |    67 |    67 ||   134
Dodge: Dodged            |    33 |    56 |   111 |   133 ||   333
Block: Other             |     2 |    44 |    63 |    54 ||   163
       Reflection        |       |       |     1 |     6 ||     7
